 Dungeon Crawl Stone Soup version 0.18.1-1-g2f07953 (webtiles) character file.

2650845 Wraiths the Acrobat (level 27, 177/199 HPs)
             Began as a Demonspawn Gladiator on May 23, 2016.
             Was the Champion of Dithmenos.
             Escaped with the Orb
             ... and 5 runes on May 24, 2016!
             The game lasted 05:39:04 (95685 turns).

Wraiths the Acrobat (Demonspawn Gladiator)         Turns: 95685, Time: 05:39:05

Health: 177/199    AC: 29    Str: 15    XL:     27
Magic:  28/41      EV: 41    Int: 12    God:    Dithmenos [******]
Gold:   7236       SH:  8    Dex: 27    Spells: 10 memorised, 12 levels left

rFire  + + +     SeeInvis .     i - +4 quick blade of Nahoe {freeze, +Blink Stlth+}
rCold  + + .     Gourm    .     D - +1 robe of the Morning {rPois rN+ Dex+2}
rNeg   + + .     Faith    .     (no shield)
rPois  +         Spirit   +     (helmet unavailable)
rElec  .         Dismiss  .     Y - +0 cloak "Wech" {+Inv rC+}
rCorr  +         Reflect  +     c - +1 pair of gloves of the Gate {rPois Str+2 Dex+4 Slay+3}
SustAt .         Harm     .     W - +1 pair of boots "Netostra" {rPois rF+++ Regen+ Str-3 Slay+5}
MR     ++...                    l - brooch of Shielding {Reflect SH+8}
Stlth  +++++.....               v - ring "Nil Pait" {rCorr rN+}
                                L - +3 ring of evasion

@: wreathed by umbra, deflect missiles, very resistant to hostile enchantments,
quite stealthy
A: horns 3, rough black scales 3, camouflage 1, cold resistance 1, icemail,
augmentation 3, magic shield, magic regeneration, magic link, freezing cloud
immunity
a: Shadow Step, Shadow Form, Renounce Religion, Evoke Blink, Evoke Invisibility
0: Orb of Zot
}: 5/15 runes: serpentine, barnacled, slimy, silver, abyssal


You escaped.
You worshipped Dithmenos.
Dithmenos was exalted by your worship.
You were very hungry.

You visited 12 branches of the dungeon, and saw 61 of its levels.
You visited the Abyss 4 times.
You also visited: Ice Cave.

You collected 8194 gold pieces.
You spent 958 gold pieces at shops.

Inventory:

Hand Weapons
 g - the +9 rapier of Awkwardness {pierce, Int+4}
   (You found it on level 4 of the Depths)

   It inflicts extra damage upon your enemies.
   It affects your intelligence (+4).
 i - the +4 quick blade of Nahoe (weapon) {freeze, +Blink Stlth+}
   (You acquired it on level 2 of the Vaults)

   It has been specially enchanted to freeze those struck by it, causing extra
   injury to most foes and up to half again as much damage against particularly
   susceptible opponents.
   It can also slow down cold-blooded creatures.
   It lets you blink.
   It makes you more stealthy.
Missiles
 s - 5 tomahawks of dispersal
 F - 52 javelins (quivered)
 H - 17 throwing nets
 J - 17 javelins of penetration
 N - 6 steel javelins
 O - 21 poisoned javelins
Armour
 c - the +1 pair of gloves of the Gate (worn) {rPois Str+2 Dex+4 Slay+3}
   (You found it on level 1 of the Elven Halls)

   It affects your strength (+2).
   It affects your dexterity (+4).
   It affects your accuracy and damage with ranged weapons and melee attacks
   (+3).
   It protects you from poison.
 D - the +1 robe of the Morning (worn) {rPois rN+ Dex+2}
   (You found it on level 14 of the Dungeon)

   It affects your dexterity (+2).
   It protects you from poison.
   It protects you from negative energy.
 W - the +1 pair of boots "Netostra" (worn) {rPois rF+++ Regen+ Str-3 Slay+5}
   (You found it on level 7 of the Lair of Beasts)

   It affects your strength (-3).
   It affects your accuracy and damage with ranged weapons and melee attacks
   (+5).
   It renders you almost immune to fire.
   It protects you from poison.
   It increases your rate of regeneration.
 Y - the +0 cloak "Wech" (worn) {+Inv rC+}
   (You found it on level 8 of the Lair of Beasts)

   It protects you from cold.
   It lets you turn invisible.
Jewellery
 a - the amulet "Angios" {Harm *Drain rF+ Int-5 Dex+10 Stlth+}
   (You took it off a deep elf sorcerer on level 3 of the Elven Halls)

   [amulet of harm]

   It increases damage dealt and taken.
   It affects your intelligence (-5).
   It affects your dexterity (+10).
   It protects you from fire.
   It makes you more stealthy.
 l - the brooch of Shielding (around neck) {Reflect SH+8}
   (You took it off a deep elf mage on level 5 of the Vaults)

   [amulet of reflection]

   It shields you and reflects attacks.
   It affects your SH (+8).
 u - an uncursed ring of protection from magic
 v - the ring "Nil Pait" (right hand) {rCorr rN+}
   (You bought it in a shop on level 2 of the Snake Pit)

   [ring of resist corrosion]

   It protects you from negative energy.
 K - an uncursed ring of teleportation
 L - a +3 ring of evasion (left hand)
Wands
 b - a wand of teleportation (5/9)
 d - a wand of hasting (7/9)
 h - a wand of lightning (3/15)
 r - a wand of digging (21/24)
 w - a wand of hasting (7/9)
 A - a wand of iceblast (6/15)
 E - a wand of iceblast (7/15)
Scrolls
 e - 7 scrolls of recharging
 j - 3 scrolls of blinking
 k - 29 scrolls of remove curse
 m - 10 scrolls of magic mapping
 t - 9 scrolls of identify
 B - a scroll of amnesia
 C - a scroll of summoning
 G - a scroll of fog
 Q - 2 scrolls of teleportation
Potions
 n - 28 potions of curing
 o - 15 potions of agility
 p - a potion of cure mutation
 x - a potion of might
 P - 4 potions of haste
 V - 2 potions of berserk rage
Books
 q - the Volume of Clay and the Glacier
   (You found it on level 6 of the Pits of Slime)

   Spells                             Type                      Level
   a - Freeze                         Ice                          1
   b - Throw Icicle                   Conjuration/Ice              4
   c - Leda's Liquefaction            Hexes/Earth                  4
   d - Bolt of Magma                  Conjuration/Fire/Earth       5
   e - Simulacrum                     Ice/Necromancy               6
 y - the Papyrus of Black Arts and Summoning
   (You found it on level 6 of the Pits of Slime)

   Spells                             Type                      Level
   a - Sublimation of Blood           Necromancy                   2
   b - Summon Lightning Spire         Summoning/Air                4
   c - Agony                          Necromancy                   5
   d - Dragon's Call                  Summoning                    9
Comestibles
 f - 23 bread rations
 I - a royal jelly


   Skills:
 - Level 12.9 Fighting
 * Level 22.9 Short Blades
   Level 2.6 Axes
 - Level 7.1 Throwing
 - Level 6.5 Armour
 * Level 24.1 Dodging
 - Level 14.5 Stealth
 - Level 14.4 Spellcasting
 - Level 10.0 Conjurations
 - Level 13.4 Hexes
 - Level 12.4 Charms
 * Level 4.0 Summonings
 - Level 11.4 Air Magic
 - Level 12.4 Poison Magic
 - Level 11.1 Invocations
 - Level 9.5 Evocations


You had 12 spell levels left.
You knew the following spells:

 Your Spells              Type           Power        Failure   Level  Hunger
a - Corona                Hex            ######.      1%          1    None
b - Mephitic Cloud        Conj/Pois/Air  ######..     1%          3    None
c - Tukima's Dance        Hex            ######..     1%          3    None
d - Venom Bolt            Conj/Pois      ######....   2%          5    #####..
e - Haste                 Chrm           ######..     10%         6    ######.
f - Deflect Missiles      Chrm/Air       ######....   10%         6    ######.
g - Regeneration          Chrm/Necr      ######....   1%          3    None
h - Poisonous Cloud       Conj/Pois/Air  ######....   14%         6    ######.
i - Silence               Hex/Air        ######....   1%          5    #####..
j - Summon Lightning Spi  Summ/Air       ######..     3%          4    ###....


Dungeon Overview and Level Annotations

Branches:
Dungeon (15/15)            Temple (1/1) D:4            Lair (8/8) D:8
 Shoals (4/4) Lair:6        Snake (4/4) Lair:4        Slime (6/6) Lair:7
    Orc (2/2) D:11            Elf (3/3) Orc:2        Vaults (5/5) D:14
  Crypt (3/3) Vaults:2       Tomb (0/3) Crypt:3      Depths (5/5) D:15
    Zot (5/5) Depths:5

Altars:
Ashenzari
Cheibriados
Dithmenos
Elyvilon
Fedhas
Gozag
Kikubaaqudgha
Makhleb
Nemelex Xobeh
Okawaru
Pakellas
Qazlal
Ru
Sif Muna
Trog
Vehumet
Xom
Yredelemnul
Zin
The Shining One
Jiyva

Shops:
D:13 (   Orc:1 [   Orc:2 *(((?   Elf:3 }   Shoals:1 [[   Snake:2 =   Vaults:2 *
Vaults:3 (   Vaults:4 [

Portals:
Hell: Lair:8 Depths:1 Depths:2 Depths:3 Depths:4 Depths:5
Abyss: Depths:4
Pandemonium: Depths:3
Ziggurat: Depths:3

Annotations:
D:2 Sigmund
D:6 Grinder
Shoals:4 1 runed door
Depths:2 exclusion: orange crystal statue
Depths:5 6 runed doors


Innate Abilities, Weirdness & Mutations

You have a pair of large horns on your head.
You are completely covered in rough black scales (AC +10, Dex -3).
Your flesh is cold resistant.
A meltable icy envelope protects you from harm (AC +10).
Your magical and physical power is greatly enhanced at high health.
When hurt, damage is shared between your health and your magic reserves.
You regenerate magic rapidly.
When low on magic, you restore magic in place of health.
You are immune to freezing clouds.
Your skin changes colour to match your surroundings (Stealth).


Message History

Dithmenos accepts your kill.
Your Summonings skill increases to level 4!
No target in view!
Something hits you!!
You feel your power leaking away.
Deactivating autopickup; reactivate with Ctrl-A.
There is a staircase leading out of the dungeon, spattered with blood here.
You impale something!! You freeze something. You headbutt something!!
Your shadow misses something. Something completely misses you.
You miss something. You headbutt something! You puncture something!
You freeze something. You hit something. You freeze something.
Dithmenos accepts your kill.
Reactivating autopickup.
You feel a bit more experienced.
An orange demon comes into view.
There is a staircase leading out of the dungeon, spattered with blood here.
Drink which item? (? for menu, Esc to quit)
Okay, then.
You have escaped!

########################
#.......................
#......................)
#...##...####...#####)..
#...##...# #...# #...
#........####...# #...
#......@........#####...
#...4................[..
#...#######.............
#...# #...#####.....
#...# #...# #...## #...#
#...# #...#
#...#######...#####...##
#...............(.......
#)......................


You could see an orange demon.

Vanquished Creatures
  the Royal Jelly (Slime:6)
  3 ancient liches (Zot:5)
  5 orbs of fire (Zot:5)
  Mennas (Crypt:2)
  The ghost of Demise the Devastator, a master OpWz of Sif Muna (Depths:4)
  Saint Roka (Elf:2)
  Margery (Vaults:4)
  3 curse toes
  7 Killer Klowns
  A pandemonium lord (D:1)
  Vashnia (Snake:3)
  9 golden dragons
  5 bone dragons
  Xtahua (Crypt:2)
  Jorgrun (Depths:3)
  5 electric golems
  A hellephant (Abyss:1)
  An Ice Fiend (D:1)
  17 tentacled monstrosities
  A Hell Sentinel (Abyss:1)
  25 Orb Guardians
  4 liches
  A deep elf blademaster (Elf:3)
  Asterion (Vaults:1)
  A deep elf master archer (Elf:3)
  21 acid blobs
  7 ancient champions
  8 titans
  2 quicksilver dragons
  4 Executioners
  7 tentacled starspawn
  4 sphinxes
  9 death cobs
  6 shadow dragons
  7 tengu reavers
  9 storm dragons
  6 draconian monks
  10 greater nagas
  Ilsuiw (Shoals:4)
  3 revenants
  12 deep elf sorcerers
  5 draconian knights
  16 azure jellies
  12 vault wardens
  7 fire giants
  An iron dragon (Depths:4)
  3 draconian scorchers
  10 frost giants
  A draconian zealot (Depths:5)
  8 draconian shifters
  3 ghost moths
  2 deep elf elementalists
  Aizul (Shoals:3)
  An orc warlord (Orc:1)
  An emperor scorpion (D:15)
  An angel (Abyss:5)
  3 reapers
  3 curse skulls
  A cacodemon (D:14)
  19 stone giants
  12 ironheart preservers
  A war gargoyle (Vaults:5)
  4 draconian callers
  2 ghouls (Crypt:3)
  2 draconian annihilators
  8 green draconians
  19 very ugly things
  6 salamander stormcallers
  A lorocyproca (D:1)
  The ghost of Zargon the Severer, a journeyman DDFi of Elyvilon (Lair:6)
  6 vampire knights
  5 mottled draconians
  A dire elephant (Lair:8)
  10 deep elf annihilators
  11 deep elf demonologists
  7 purple draconians
  16 white draconians
  14 red draconians
  8 black draconians
  11 yellow draconians
  4 spark wasps (Depths:2)
  14 deep elf death magi
  4 crystal guardians (Depths:2)
  4 eidola
  A blizzard demon (Abyss:4)
  8 merfolk javelineers
  A green death (D:1)
  11 merfolk impalers
  22 fire dragons
  10 ettins
  4 death oozes (Slime:6)
  3 mummy priests
  15 yaktaur captains
  34 vault guards
  4 deep elf high priests
  3 rakshasas
  7 entropy weavers
  17 jiangshi
  16 great orbs of eyes
  8 hydras
  A monstrous demonspawn (Depths:3)
  3 hell beasts
  11 naga warriors
  2 catoblepae
  An alligator snapping turtle (Shoals:4)
  22 ice dragons
  15 anacondas
  2 spriggan air magi
  5 merfolk avatars
  4 hell hogs (Abyss:4)
  A satyr (shapeshifter) (Vaults:5)
  5 satyrs
  5 merfolk aquamancers
  13 centaur warriors
  12 ogre magi
  28 dancing weapons
  A death yak (Lair:8)
  4 death knights
  9 deep troll earth magi
  3 tengu warriors
  An iron giant zombie (Crypt:3)
  3 orc high priests
  2 deep troll shamans
  17 naga sharpshooters
  5 shock serpents
  13 vampire magi
  2 spriggan berserkers
  13 thrashing horrors
  A hellephant zombie (Crypt:2)
  Sonja (D:14)
  2 sun demons
  2 soul eaters
  A fire crab (Vaults:2)
  10 wretched stars
  31 deep elf knights
  An iron giant skeleton (Crypt:1)
  A shadow wraith (Crypt:2)
  4 hell knights (Vaults:4)
  7 wizards
  25 skeletal warriors
  A storm dragon skeleton (Crypt:2)
  3 spatial maelstroms
  7 flayed ghosts
  8 salamander mystics
  A shadow dragon zombie (Abyss:2)
  An anaconda zombie (Crypt:1)
  A golden dragon zombie (Crypt:3)
  4 giant orange brains
  22 deep trolls
  2 unseen horrors (shapeshifter)
  5 unseen horrors
  11 phantasmal warriors
  A giant orange brain (shapeshifter) (D:14)
  An obsidian statue (Zot:5)
  7 sea snakes
  4 lindwurms (Snake:4)
  A swamp dragon (shapeshifter) (Vaults:5)
  2 torturous demonspawn (Depths:3)
  A ghost moth zombie (Crypt:1)
  A tengu zombie (Vaults:2)
  8 hill giants
  8 naga ritualists
  30 harpies
  37 starcursed masses
  A lindwurm (shapeshifter) (Depths:5)
  15 deep elf archers
  2 anaconda skeletons
  7 necromancers
  An orange crystal statue (Zot:5)
  17 ironbrand convokers
  An anubis guard (shapeshifter) (Depths:4)
  11 orc knights
  11 mana vipers
  5 orc sorcerers
  A sphinx skeleton (Crypt:2)
  12 griffons
  16 cyclopes
  24 ugly things
  7 fauns
  14 salamanders
  8 shining eyes
  67 deep elf magi
  3 wolf spiders
  2 manticores (shapeshifter)
  3 centaur zombies
  A hornet (Vaults:3)
  2 worldbinders
  4 sixfirhies
  17 moths of wrath
  13 elephants
  14 manticores
  A dire elephant zombie (Crypt:1)
  3 frost giant skeletons
  41 black mambas
  A water nymph (shapeshifter) (Vaults:5)
  3 eyes of devastation
  17 vault sentinels
  8 sirens
  An elephant slug zombie (Crypt:1)
  9 guardian serpents
  16 naga magi
  An apocalypse crab (Abyss:4)
  2 gargoyles
  7 water nymphs
  8 centaur skeletons
  2 ice statues (IceCv)
  14 smoke demons
  10 orange demons
  A white draconian zombie (Crypt:2)
  A titan simulacrum (Crypt:1)
  12 komodo dragons
  A torpor snail (shapeshifter) (Vaults:2)
  14 freezing wraiths
  12 spiny frogs
  2 kobold demonologists (Crypt:2)
  7 rime drakes
  48 yaktaurs
  4 ancient zymes
  A catoblepas skeleton (Crypt:1)
  2 tengu conjurers
  4 guardian mummies (Crypt:3)
  An efreet (Abyss:1)
  A tormentor (Depths:3)
  4 hellwings
  16 ice devils
  5 red devils
  35 merfolk
  The ghost of Senshi the Chopper, an amateur MiFi (D:4)
  2 jumping spiders (shapeshifter)
  9 polar bears
  A jumping spider (Depths:3)
  9 trolls
  24 two-headed ogres
  4 wind drakes
  10 snapping turtles
  A raiju (shapeshifter) (Vaults:4)
  An ushabti (Crypt:3)
  22 raiju
  2 boulder beetles
  A harpy skeleton (D:14)
  170 slime creatures
  A fire giant simulacrum (Crypt:3)
  8 blink frogs
  An ettin zombie (Abyss:3)
  13 flying skulls
  A spriggan (shapeshifter) (Vaults:2)
  8 ynoxinuls
  8 air elementals
  A centaur simulacrum (D:14)
  A fire dragon skeleton (Crypt:3)
  8 vampires
  15 water elementals
  5 wraiths
  11 redbacks
  2 tarantellas (Depths:3)
  4 wyverns
  56 yaks
  3 shadows
  A human (shapeshifter) (Vaults:2)
  13 golden eyes
  A fire elemental (Elf:2)
  2 fire bats (Lair:8)
  A golden eye (shapeshifter) (Depths:5)
  7 basilisks
  A hippogriff (shapeshifter) (D:14)
  4 chaos spawn
  19 hippogriffs
  2 hungry ghosts (D:11)
  A steam dragon (D:13)
  12 vampire mosquitoes
  7 neqoxecs
  7 spatial vortices
  2 mottled dragons
  A yaktaur simulacrum (Vaults:2)
  41 nagas
  13 wargs
  2 harpy simulacra
  A swamp worm (shapeshifter) (Depths:5)
  11 water moccasins
  11 porcupines
  A spiny frog zombie (Crypt:2)
  Duvessa (D:6)
  A giant eyeball (Depths:4)
  15 large abominations
  15 small abominations
  A black bear (shapeshifter) (Depths:2)
  2 black bears (Lair:3)
  A hell hound (Lair:8)
  6 sky beasts
  3 wasps
  42 orc warriors
  4 ice beasts
  A sky beast (shapeshifter) (Vaults:3)
  7 eyes of draining
  68 ogres
  3 wolves (Lair:6)
  An elephant zombie (Crypt:1)
  A phantom (D:4)
  2 boggarts (Crypt:2)
  23 centaurs
  A manticore skeleton (Crypt:2)
  24 crocodiles
  A hog skeleton (Crypt:3)
  4 big kobolds
  21 giant frogs
  2 yaktaur zombies
  An infernal demonspawn simulacrum (Crypt:3)
  3 human skeletons
  Dowan (D:6)
  A komodo dragon skeleton (Crypt:3)
  An earth elemental (Elf:1)
  A raiju zombie (Crypt:2)
  5 scorpions
  10 killer bees
  A queen bee zombie (Crypt:1)
  2 human simulacra
  8 howler monkeys
  4 electric eels
  8 crimson imps
  A wasp zombie (D:9)
  3 quasits
  2 giant frog zombies
  27 orc priests
  33 jellies
  3 gnoll shamans (D:13)
  11 human zombies
  3 giant frog skeletons
  6 hounds
  34 orc wizards
  2 iron imps
  3 iguanas
  Terence (D:3)
  7 hell rats
  8 worker ants
  A killer bee zombie (D:6)
  32 sheep
  2 big kobold zombies
  2 hound zombies
  A hound skeleton (D:10)
  3 worker ant zombies
  8 gnolls (D:13)
  2 howler monkey skeletons
  40 river rats
  21 adders
  5 shadow imps
  5 white imps
  17 ufetubi
  2 oozes (D:4)
  2 adder skeletons
  A sheep skeleton (Crypt:3)
  5 giant geckos
  102 orcs
  2 ball pythons
  5 giant cockroaches
  A gnoll zombie (Crypt:3)
  6 goblins
  9 hobgoblins
  6 jackals
  4 quokkas
  19 bats
  A giant gecko zombie (D:6)
  5 giant newts
  A jackal zombie (Crypt:1)
  21 kobolds
  A kobold skeleton (Crypt:1)
  An orc skeleton (Crypt:3)
  A quokka zombie (Crypt:1)
  18 rats
  3 fire vortices (Vaults:4)
  3 lost souls
  A lurking horror (Abyss:4)
  A plant (D:13)
  4 starspawn tentacles (Abyss:1)
3065 creatures vanquished.

Vanquished Creatures (others)
  A deep elf master archer (Elf:3)
  A draconian knight (Zot:1)
  A fire giant (Depths:3)
  A deep troll shaman (Depths:1)
  A deep troll earth mage (Depths:1)
  A large abomination (Abyss:4)
  3 deep trolls (Depths:1)
  A deep elf archer (Elf:3)
  A deep elf mage (Elf:3)
  A vault sentinel (Vaults:4)
  A two-headed ogre (Depths:4)
  A chaos spawn (Depths:1)
  A spatial vortex (Abyss:3)
  An ogre (Vaults:4)
  A small abomination (Abyss:3)
  An ufetubus (IceCv)
  An orc (Orc:2)
  A quokka (D:3)
  26 fungi
  3 lost souls
  A lurking horror (Abyss:4)
  20 plants
  15 starspawn tentacles
  239 starspawn tentacle segments
324 creatures vanquished.

Grand Total: 3389 creatures vanquished

Notes
Turn   | Place    | Note
--------------------------------------------------------------
     0 | D:1      | Wraiths the Demonspawn Gladiator began the quest for the Orb.
     0 | D:1      | Reached XP level 1. HP: 16/16 MP: 1/1
   145 | D:1      | Gained mutation: When hurt, damage is shared between your health and your magic reserves. [demonic ancestry]
   145 | D:1      | Reached XP level 2. HP: 23/23 MP: 2/2
   614 | D:2      | Gained mutation: You have a pair of small horns on your head. [demonic ancestry]
   614 | D:2      | Reached XP level 3. HP: 29/29 MP: 3/3
   739 | D:2      | Noticed Sigmund
   756 | D:3      | Noticed Terence
  1335 | D:3      | Killed Terence
  1335 | D:3      | Gained mutation: Your flesh is cold resistant. [demonic ancestry]
  1335 | D:3      | Reached XP level 4. HP: 38/38 MP: 4/4
  1534 | D:3      | Reached skill level 5 in Fighting
  1737 | D:3      | Found a white marble altar of Elyvilon.
  1790 | D:3      | Gained mutation: You have a pair of horns on your head. [demonic ancestry]
  1790 | D:3      | Reached XP level 5. HP: 36/44 MP: 5/5
  2086 | D:4      | HP: 2/46 [poisoned by a worker ant]
  2121 | D:4      | Noticed Senshi's ghost (amateur MiFi)
  2373 | D:4      | Reached XP level 6. HP: 22/53 MP: 2/6
  3107 | D:4      | Found a staircase to the Ecumenical Temple.
  3145 | D:4      | Reached XP level 7. HP: 62/62 MP: 7/7
  3206 | Temple   | Entered the Ecumenical Temple
  3269 | Temple   | Became a worshipper of Dithmenos the Shadowed
  3367 | D:5      | Entered Level 5 of the Dungeon
  3596 | D:5      | Reached skill level 1 in Stealth
  3610 | D:5      | Reached skill level 1 in Short Blades
  3610 | D:5      | Reached skill level 3 in Dodging
  3653 | D:5      | Found an ancient bone altar of Kikubaaqudgha.
  3742 | D:5      | You fall through a shaft!
  4358 | D:5      | Gained mutation: You have a pair of large horns on your head. [demonic ancestry]
  4358 | D:5      | Reached XP level 8. HP: 52/68 MP: 8/8
  4818 | D:4      | Killed Senshi's ghost
  4818 | D:4      | Reached * piety under Dithmenos
  4818 | D:4      | Reached skill level 4 in Dodging
  4894 | D:4      | Found an iron altar of Okawaru.
  5305 | D:6      | Noticed Duvessa
  5306 | D:6      | Noticed Dowan
  5359 | D:6      | Noticed Grinder
  5449 | D:6      | Reached skill level 5 in Stealth
  6134 | D:6      | Killed Duvessa
  6142 | D:6      | Killed Dowan
  6408 | D:6      | Found a sacrificial altar of Ru.
  6409 | D:6      | Found a blossoming altar of Fedhas.
  6876 | D:6      | Found a white marble altar of Elyvilon.
  7073 | D:7      | Found a shadowy altar of Dithmenos.
  7292 | D:7      | Reached XP level 9. HP: 59/74 MP: 7/9
  7448 | D:7      | Reached skill level 5 in Dodging
  8103 | D:8      | Found a staircase to the Lair.
  8285 | D:8      | Found a snail-covered altar of Cheibriados.
  8509 | D:8      | Reached ** piety under Dithmenos
  9103 | D:8      | Reached skill level 6 in Dodging
  9114 | D:8      | Reached skill level 5 in Short Blades
 10249 | D:8      | Gained mutation: You regenerate magic rapidly. [demonic ancestry]
 10249 | D:8      | Reached XP level 10. HP: 57/80 MP: 6/10
 10967 | D:8      | Reached skill level 1 in Spellcasting
 12242 | D:10     | Entered Level 10 of the Dungeon
 12741 | D:10     | Reached *** piety under Dithmenos
 12913 | Lair:1   | Entered Level 1 of the Lair of Beasts
 13213 | Lair:1   | Identified a scroll of acquirement
 13805 | Lair:2   | Noticed a black mamba
 13809 | Lair:2   | Killed a black mamba
 13809 | Lair:2   | Reached skill level 7 in Dodging
 13809 | Lair:2   | Reached skill level 10 in Stealth
 14374 | Lair:2   | Noticed a seven-headed hydra
 14407 | Lair:3   | Reached XP level 11. HP: 80/86 MP: 17/17
 14441 | Lair:3   | Found a basalt altar of Yredelemnul.
 14740 | Lair:3   | Noticed a four-headed hydra
 15290 | Lair:3   | Reached skill level 5 in Spellcasting
 15604 | Lair:4   | Reached **** piety under Dithmenos
 16628 | Lair:3   | Noticed a catoblepas
 18735 | Lair:4   | Reached skill level 8 in Dodging
 19357 | Lair:4   | Found a staircase to the Snake Pit.
 19628 | Lair:4   | Gained mutation: You are immune to freezing clouds. [demonic ancestry]
 19628 | Lair:4   | Reached XP level 12. HP: 68/94 MP: 16/21
 20171 | Lair:5   | Got a crude robe
 20207 | Lair:4   | Identified the +0 robe of the Frog {rC+} (You found it on level 5 of the Lair of Beasts)
 20525 | Lair:5   | Noticed an eight-headed hydra
 20850 | Lair:5   | Killed an eight-headed hydra
 21239 | Lair:6   | Noticed Zargon's ghost (journeyman DDFi)
 21373 | Lair:6   | Found a frozen archway.
 21428 | Lair:6   | Reached ***** piety under Dithmenos
 21600 | IceCv    | Entered an ice cave
 21823 | IceCv    | Reached skill level 9 in Dodging
 22025 | IceCv    | Reached XP level 13. HP: 71/101 MP: 18/25
 22321 | IceCv    | Got a twisted plate armour
 22594 | Lair:6   | Killed Zargon's ghost
 22899 | Lair:6   | Found a staircase to the Shoals.
 23987 | Lair:6   | HP: 5/103 [poisoned by a water moccasin]
 24611 | Lair:7   | Got a pair of heavily runed boots
 24904 | Lair:6   | Identified the +1 pair of boots "Netostra" {rPois rF+++ Regen+ Str-3 Slay+5} (You found it on level 7 of the Lair of Beasts)
 25132 | Lair:7   | Found a staircase to the Slime Pits.
 25160 | Lair:8   | Entered Level 8 of the Lair of Beasts
 25416 | Lair:7   | Reached skill level 10 in Fighting
 26223 | Lair:8   | Noticed a dire elephant
 26234 | Lair:8   | Killed a dire elephant
 26234 | Lair:8   | Reached skill level 10 in Spellcasting
 26347 | Lair:8   | Found a burning altar of Makhleb.
 26379 | Lair:8   | Gained mutation: When low on magic, you restore magic in place of health. [demonic ancestry]
 26379 | Lair:8   | Reached XP level 14. HP: 110/110 MP: 28/28
 26788 | Lair:8   | Reached skill level 10 in Dodging
 26848 | Lair:8   | Found a gateway to Hell.
 26949 | Lair:8   | Reached ****** piety under Dithmenos
 27268 | Lair:8   | Got a warped cloak
 27274 | Lair:8   | Identified the +0 cloak "Wech" {+Inv rC+} (You found it on level 8 of the Lair of Beasts)
 28024 | D:11     | You fall through a shaft for 3 floors!
 28028 | D:14     | Reached skill level 1 in Invocations
 28284 | D:14     | Found a gate to the Vaults.
 28309 | D:14     | Noticed Sonja
 28311 | D:14     | Killed Sonja
 28787 | D:14     | Got a warped robe
 28798 | D:14     | Identified the +1 robe of the Morning {rPois rN+ Dex+2} (You found it on level 14 of the Dungeon)
 28964 | D:15     | Entered Level 15 of the Dungeon
 29011 | D:15     | Reached skill level 5 in Invocations
 29355 | D:15     | Found a staircase to the Depths.
 29357 | D:15     | Noticed an emperor scorpion
 29363 | D:15     | Killed an emperor scorpion
 29363 | D:15     | Reached skill level 1 in Armour
 29531 | D:15     | Found a blossoming altar of Fedhas.
 29599 | D:15     | Reached XP level 15. HP: 118/118 MP: 29/29
 30006 | D:13     | Found Ippyhaci's Antique Weapon Boutique.
 30049 | D:13     | Found an opulent altar of Gozag.
 30207 | D:13     | Reached skill level 11 in Dodging
 31275 | D:12     | Reached skill level 10 in Short Blades
 31512 | D:12     | Learned a level 1 spell: Corona
 31894 | D:12     | Reached skill level 1 in Hexes
 32067 | D:11     | Found a staircase to the Orcish Mines.
 32336 | D:11     | Got an iridescent mace
 32686 | Lair:1   | Identified the cursed +3 mace of Deflation {crush, MR+} (You found it on level 11 of the Dungeon)
 32796 | Orc:1    | Entered Level 1 of the Orcish Mines
 32962 | Orc:2    | Entered Level 2 of the Orcish Mines
 33109 | Orc:2    | Found Weroof's Weapon Boutique.
 33114 | Orc:2    | Found Taose's Weapon Shop.
 33115 | Orc:2    | Found Wynubehube's Weapon Shoppe.
 33120 | Orc:2    | Found Jannyeshri's General Store.
 33489 | Orc:2    | Noticed an orc warlord
 33562 | Orc:1    | Killed an orc warlord
 33932 | Orc:2    | Cast into level 2 of the Abyss (an ogre mage)
 33948 | Abyss:2  | Noticed a tentacled starspawn
 34199 | Abyss:2  | Noticed a tentacled monstrosity
 34213 | Abyss:2  | Killed a tentacled monstrosity
 34316 | Abyss:2  | Noticed a bone dragon
 34317 | Abyss:2  | Noticed a tentacled starspawn
 34415 | Orc:2    | Escaped the Abyss
 34617 | Orc:2    | Found Rouguq's Magic Scroll Shop.
 34720 | Orc:2    | Bought a potion of heal wounds for 60 gold pieces
 34720 | Orc:2    | Bought a scroll of identify for 24 gold pieces
 34739 | Orc:2    | Found a staircase to the Elven Halls.
 34908 | Orc:2    | Bought a scroll of brand weapon for 280 gold pieces
 34908 | Orc:2    | Bought a scroll of holy word for 105 gold pieces
 34908 | Orc:2    | Bought a scroll of teleportation for 42 gold pieces
 34908 | Orc:2    | Bought a scroll of teleportation for 42 gold pieces
 35022 | Orc:1    | Gained mutation: You are partially covered in rough black scales (AC +4, Dex -1). [demonic ancestry]
 35022 | Orc:1    | Reached XP level 16. HP: 127/127 MP: 30/30
 35129 | Orc:1    | Found Weragav's Antique Armour Shoppe.
 35591 | Lair:3   | Reached skill level 10 in Invocations
 35638 | Snake:1  | Entered Level 1 of the Snake Pit
 35689 | Snake:1  | Learned a level 3 spell: Mephitic Cloud
 35819 | Snake:1  | Reached skill level 1 in Poison Magic
 36512 | Snake:2  | Found Zekame's Magic Scroll Shop.
 36580 | Snake:2  | Reached skill level 5 in Hexes
 36633 | Snake:2  | Found Vontoo's Jewellery Shoppe.
 36682 | Snake:2  | Reached skill level 12 in Dodging
 37896 | Snake:3  | Noticed Vashnia
 37903 | Snake:3  | Killed Vashnia
 38020 | Snake:3  | Reached skill level 5 in Armour
 38357 | Snake:3  | Reached skill level 5 in Poison Magic
 38533 | Snake:4  | Entered Level 4 of the Snake Pit
 38546 | Snake:4  | Learned a level 3 spell: Tukima's Dance
 38569 | Snake:4  | Found a burning altar of Makhleb.
 38851 | Snake:4  | Reached XP level 17. HP: 133/133 MP: 31/31
 40565 | Snake:4  | Reached skill level 13 in Dodging
 40820 | Snake:4  | Got a serpentine rune of Zot
 41389 | Shoals:1 | Entered Level 1 of the Shoals
 41477 | Shoals:1 | Found Zuoteag's Armour Emporium.
 41880 | Shoals:1 | Found Igunerr's Armour Shoppe.
 42186 | Shoals:2 | Gained mutation: You are mostly covered in rough black scales (AC +7, Dex -2). [demonic ancestry]
 42186 | Shoals:2 | Reached XP level 18. HP: 142/142 MP: 28/32
 42203 | Shoals:2 | Reached skill level 1 in Evocations
 42713 | Shoals:3 | Noticed Aizul
 42966 | Shoals:3 | Killed Aizul
 43278 | Shoals:4 | Entered Level 4 of the Shoals
 43770 | Shoals:4 | Reached skill level 10 in Hexes
 44498 | Shoals:4 | Noticed Ilsuiw
 44509 | Shoals:4 | Found Kiwoyvosk's Weapon Shop.
 45246 | Shoals:4 | Reached skill level 5 in Evocations
 45573 | Shoals:4 | Found a runed door.
 46309 | Shoals:3 | Found a shimmering altar of Xom.
 46791 | Shoals:3 | Reached skill level 14 in Dodging
 47077 | Shoals:4 | Killed Ilsuiw
 47343 | Shoals:4 | Reached XP level 19. HP: 148/148 MP: 33/33
 47510 | Shoals:4 | Got a barnacled rune of Zot
 48077 | Depths:1 | Entered Level 1 of the Depths
 49572 | Depths:1 | Reached skill level 10 in Poison Magic
 49864 | Depths:1 | Found a sparkling altar of Nemelex Xobeh.
 52441 | Depths:2 | Reached skill level 5 in Throwing
 52774 | Depths:3 | Found a gateway to a ziggurat.
 52890 | Depths:3 | Noticed Jorgrun
 52915 | Depths:3 | Killed Jorgrun
 52952 | Depths:3 | Got a slimy wooden ring
 53038 | Depths:3 | Identified the ring "Qiariash" {Fire Int+2} (You took it off a vampire on level 3 of the Depths)
 53178 | Depths:3 | Found a one-way gate leading to the halls of Pandemonium.
 53373 | Depths:3 | Gained mutation: Your magical and physical power is slightly enhanced at high health. [demonic ancestry]
 53373 | Depths:3 | Reached XP level 20. HP: 155/155 MP: 34/34
 53984 | Depths:3 | Found a basalt altar of Yredelemnul.
 53999 | Depths:3 | Got a transparent bronze ring
 54000 | Depths:3 | Identified the ring "Faf Idor" {Wiz Int+6} (You took it off a vampire knight on level 3 of the Depths)
 54877 | Depths:4 | Found a one-way gate to the infinite horrors of the Abyss.
 54937 | Depths:4 | Noticed Demise's ghost (master OpWz)
 54955 | Depths:4 | Reached skill level 15 in Dodging
 55219 | Depths:4 | Paralysed by a giant eyeball for 4 turns
 55561 | Depths:5 | Entered Level 5 of the Depths
 56133 | Depths:5 | Noticed a golden dragon
 56271 | Depths:5 | Killed a golden dragon
 56944 | Depths:5 | Found a runed door.
 56944 | Depths:5 | Found a runed door.
 57082 | Depths:5 | Found a runed door.
 57082 | Depths:5 | Found a runed door.
 57094 | Depths:5 | Found a gate to the Realm of Zot.
 57301 | Depths:5 | Found a runed door.
 57308 | Depths:5 | Found a runed door.
 57462 | Depths:5 | Gained mutation: Your magical and physical power is enhanced at high health. [demonic ancestry]
 57462 | Depths:5 | Reached XP level 21. HP: 161/161 MP: 35/35
 58153 | Vaults:1 | Entered Level 1 of the Vaults
 58548 | Vaults:1 | Noticed Asterion
 58557 | Vaults:1 | Killed Asterion
 59588 | Vaults:2 | Got a crude quick blade
 59590 | Vaults:2 | Identified the +4 quick blade of Nahoe {freeze, +Blink Stlth+} (You acquired it on level 2 of the Vaults)
 59615 | Vaults:2 | Reached skill level 16 in Dodging
 59814 | Vaults:2 | Learned a level 5 spell: Venom Bolt
 59969 | Vaults:2 | Reached skill level 1 in Conjurations
 60286 | Vaults:2 | Found Asuinoah's General Store.
 61063 | Vaults:2 | Found a staircase to the Crypt.
 61815 | Vaults:3 | Found Pyntotuf's Antique Weapon Shoppe.
 62621 | Vaults:3 | Gained mutation: You are completely covered in rough black scales (AC +10, Dex -3). [demonic ancestry]
 62621 | Vaults:3 | Reached XP level 22. HP: 168/168 MP: 36/36
 63052 | Vaults:4 | Reached skill level 17 in Dodging
 63153 | Vaults:4 | Found a radiant altar of Vehumet.
 63489 | Vaults:4 | Reached skill level 5 in Conjurations
 63541 | Vaults:4 | Reached skill level 15 in Short Blades
 63850 | Vaults:4 | Found Zixy's Armour Shop.
 64282 | Vaults:4 | Noticed Margery
 64301 | Vaults:4 | Killed Margery
 64812 | Elf:1    | Entered Level 1 of the Elven Halls
 66137 | Elf:1    | Got a pair of faintly glowing gloves
 66138 | Elf:1    | Identified the +1 pair of gloves of the Gate {rPois Str+2 Dex+4 Slay+3} (You found it on level 1 of the Elven Halls)
 66371 | Elf:1    | Identified the Reference Book on Earth
 66781 | Elf:2    | Gained mutation: You are agile. (Dex +2) [potion of beneficial mutation]
 66867 | Elf:2    | Noticed Saint Roka
 66897 | Elf:2    | Killed Saint Roka
 66897 | Elf:2    | Reached skill level 18 in Dodging
 67109 | Elf:2    | Found a runed gate.
 67109 | Elf:2    | Found a runed gate.
 67119 | Elf:2    | Found a runed gate.
 67433 | Elf:2    | Gained mutation: Your magical and physical power is greatly enhanced at high health. [demonic ancestry]
 67433 | Elf:2    | Reached XP level 23. HP: 174/174 MP: 37/37
 68374 | Vaults:5 | Entered Level 5 of the Vaults
 69626 | Vaults:5 | Reached skill level 19 in Dodging
 69997 | Vaults:5 | Got a silver rune of Zot
 70206 | Vaults:5 | Reached XP level 24. HP: 180/180 MP: 37/37
 70322 | Vaults:5 | Noticed an ancient lich
 70635 | Vaults:5 | Reached skill level 10 in Conjurations
 70830 | Vaults:5 | Identified Sif Muna's Compendium of Noxious Earth
 71263 | Lair:1   | Learned a level 6 spell: Haste
 71270 | Lair:1   | Learned a level 6 spell: Deflect Missiles
 71561 | Depths:4 | Killed Demise's ghost
 71561 | Depths:4 | Reached skill level 1 in Charms
 71616 | Depths:4 | Got a smoking rapier
 71617 | Depths:4 | Identified the +9 rapier of Awkwardness {pierce, Int+4} (You found it on level 4 of the Depths)
 72195 | Depths:4 | Found a radiant altar of Vehumet.
 72551 | Zot:1    | Entered Level 1 of the Realm of Zot
 72888 | Zot:1    | Reached skill level 20 in Dodging
 72977 | Zot:1    | Reached skill level 5 in Charms
 73166 | Zot:1    | Reached skill level 1 in Air Magic
 73896 | Zot:2    | Cast into level 4 of the Abyss (a Zot trap)
 73943 | Abyss:5  | Entered Level 5 of the Abyss
 73943 | Abyss:5  | Found a corrupted altar of Lugonu.
 73953 | Zot:2    | Escaped the Abyss
 74339 | Zot:2    | Reached XP level 25. HP: 147/186 MP: 27/37
 75088 | Zot:3    | Reached skill level 5 in Air Magic
 76591 | Zot:5    | Entered Level 5 of the Realm of Zot
 76611 | Zot:5    | Learned a level 3 spell: Regeneration
 77123 | Zot:5    | Noticed an ancient lich
 77128 | Zot:5    | Killed an ancient lich
 77195 | Zot:5    | Noticed an ancient lich
 77217 | Zot:5    | Noticed an ancient lich
 77218 | Zot:5    | Killed an ancient lich
 77218 | Zot:5    | Gained mutation: A meltable icy envelope protects you from harm (AC +10). [demonic ancestry]
 77218 | Zot:5    | Reached XP level 26. HP: 170/193 MP: 39/39
 77241 | Zot:5    | Killed an ancient lich
 77284 | Zot:5    | Reached skill level 21 in Dodging
 77410 | Zot:5    | Noticed an orb of fire
 78360 | Depths:4 | Voluntarily entered the Abyss.
 78560 | Abyss:1  | Reached skill level 10 in Charms
 78610 | Abyss:1  | Gained mutation: You have sharp toenails. [a neqoxec]
 78814 | Abyss:2  | Found a corrupted altar of Lugonu.
 78840 | Abyss:2  | Found a corrupted altar of Lugonu.
 78888 | Abyss:3  | Found a corrupted altar of Lugonu.
 78998 | Abyss:3  | Found a corrupted altar of Lugonu.
 79030 | Abyss:3  | Found a corrupted altar of Lugonu.
 79885 | Abyss:4  | Noticed an ancient lich
 79973 | Abyss:4  | Found a corrupted altar of Lugonu.
 80124 | Abyss:4  | Found a corrupted altar of Lugonu.
 80161 | Abyss:4  | Got an abyssal rune of Zot
 80169 | Abyss:5  | Entered Level 5 of the Abyss
 80169 | Abyss:5  | Found an ancient bone altar of Kikubaaqudgha.
 80169 | Abyss:5  | Found a glowing golden altar of the Shining One.
 80169 | Abyss:5  | Found a deep blue altar of Sif Muna.
 80169 | Abyss:5  | Found an opulent altar of Gozag.
 80169 | Abyss:5  | Found a shadowy altar of Dithmenos.
 80169 | Abyss:5  | Found a stormy altar of Qazlal.
 80169 | Abyss:5  | Found a radiant altar of Vehumet.
 80169 | Abyss:5  | Found a snail-covered altar of Cheibriados.
 80169 | Abyss:5  | Found a shattered altar of Ashenzari.
 80169 | Abyss:5  | Found a blossoming altar of Fedhas.
 80169 | Abyss:5  | Found a shimmering altar of Xom.
 80169 | Abyss:5  | Found a sparkling altar of Nemelex Xobeh.
 80171 | Abyss:5  | Found a basalt altar of Yredelemnul.
 80171 | Abyss:5  | Found a white marble altar of Elyvilon.
 80171 | Abyss:5  | Found a bloodstained altar of Trog.
 80174 | Abyss:5  | Found a burning altar of Makhleb.
 80174 | Abyss:5  | Found an iron altar of Okawaru.
 80174 | Abyss:5  | Found a glowing silver altar of Zin.
 80217 | Abyss:5  | Found a bloodstained altar of Trog.
 80217 | Abyss:5  | Found a basalt altar of Yredelemnul.
 80258 | Abyss:5  | Found a basalt altar of Yredelemnul.
 80259 | Abyss:5  | Found a bloodstained altar of Trog.
 80288 | Abyss:5  | Found an iron altar of Okawaru.
 80288 | Abyss:5  | Found a burning altar of Makhleb.
 80399 | Depths:4 | Escaped the Abyss
 80625 | Crypt:1  | Entered Level 1 of the Crypt
 81439 | Crypt:2  | Reached XP level 27. HP: 186/199 MP: 38/40
 81464 | Crypt:2  | Noticed Xtahua
 81471 | Crypt:2  | Killed Xtahua
 81696 | Crypt:2  | Reached skill level 10 in Air Magic
 81817 | Crypt:2  | Noticed Mennas
 81839 | Crypt:2  | Found a deep blue altar of Sif Muna.
 81894 | Crypt:2  | Got a tattered robe
 82006 | Crypt:2  | Identified the +0 robe "Qeuri" {Str+3 SInv} (You took it off a vampire mage on level 2 of the Crypt)
 82024 | Crypt:2  | Identified Sif Muna's Tome of the Escort
 82208 | Crypt:2  | Killed Mennas
 82484 | Crypt:3  | Entered Level 3 of the Crypt
 82484 | Crypt:3  | Found a staircase to the Tomb.
 83263 | Crypt:3  | Found an ancient bone altar of Kikubaaqudgha.
 83264 | Crypt:3  | Found a basalt altar of Yredelemnul.
 83804 | Elf:3    | Entered Level 3 of the Elven Halls
 84311 | Lair:1   | Learned a level 6 spell: Poisonous Cloud
 84726 | Elf:3    | Found Syfikiec's Gadget Shop.
 85452 | Elf:3    | Reached skill level 22 in Dodging
 85655 | Elf:3    | Got a sparkling ruby amulet
 85669 | Elf:3    | Got a slimy dagger {holy}
 85713 | Elf:3    | Identified the +6 dagger of Unreason {holy, +Blink Str+2 SInv} (You took it off a deep elf sorcerer on level 3 of the Elven Halls)
 85807 | Elf:3    | Got a faintly glowing long sword {distort}
 85854 | Elf:3    | Got a glittering steel amulet
 85963 | Elf:3    | Got an ancient cloak
 85964 | Elf:3    | Identified the +5 long sword of Quick Death {distort, rPois} (You took it off a deep elf sorcerer on level 3 of the Elven Halls)
 85965 | Elf:3    | Identified the cursed -6 cloak "Coen" {-Cast Regen+ Int+6 Slay+5} (You found it on level 3 of the Elven Halls)
 85967 | Elf:3    | Identified the amulet "Angios" {Harm *Drain rF+ Int-5 Dex+10 Stlth+} (You took it off a deep elf sorcerer on level 3 of the Elven Halls)
 85968 | Elf:3    | Identified the amulet "Qoreat" {Harm *Drain Str+5} (You took it off a deep elf sorcerer on level 3 of the Elven Halls)
 86014 | Elf:3    | Got a bloodstained shortbow
 86015 | Elf:3    | Identified the +10 shortbow of Conscience {velocity, rC++} (You found it on level 3 of the Elven Halls)
 86158 | Elf:3    | Got a bone trident {pierce}
 86161 | Elf:3    | Got a brightly glowing scimitar {slice}
 86162 | Elf:3    | Identified the +4 scimitar "Siatoil" {slice, Fragile rElec rF+ rC+++ Str+4} (You took it off a deep elf sorcerer on level 3 of the Elven Halls)
 86406 | Lair:1   | Identified the +5 trident "Osijuylu" {pierce, Dex+5} (You took it off a deep elf sorcerer on level 3 of the Elven Halls)
 86440 | Lair:1   | Learned a level 5 spell: Silence
 86969 | Zot:5    | Gained mutation: Your magical capacity is low (-10% MP). [an orb of fire]
 86976 | Zot:5    | Gained mutation: Potions and wands are less effective at restoring your health. [an orb of fire]
 86984 | Zot:5    | Killed an orb of fire
 87165 | Zot:5    | Noticed an orb of fire
 87270 | Zot:5    | Noticed an orb of fire
 87275 | Zot:5    | Gained mutation: You are dopey. (Int -2) [an orb of fire]
 87275 | Zot:5    | Gained mutation: Scrolls take you a little longer to read. [an orb of fire]
 87279 | Zot:5    | Lost mutation: Potions and wands are less effective at restoring your health. [an orb of fire]
 87281 | Zot:5    | Gained mutation: Potions and wands are less effective at restoring your health. [an orb of fire]
 87284 | Zot:5    | Killed an orb of fire
 87554 | Zot:5    | Noticed an orb of fire
 87556 | Zot:5    | Lost mutation: You are agile. (Dex +2) [an orb of fire]
 87563 | Zot:5    | Gained mutation: Your spells are a little easier to cast, but a little less powerful. [an orb of fire]
 87571 | Zot:5    | Noticed an orb of fire
 87575 | Zot:5    | Gained mutation: You occasionally shout uncontrollably at your foes. [an orb of fire]
 87579 | Zot:5    | Killed an orb of fire
 87588 | Zot:5    | Gained mutation: Your body sometimes deteriorates upon taking damage. [an orb of fire]
 87591 | Zot:5    | Gained mutation: Your spells are easier to cast, but less powerful. [an orb of fire]
 87597 | Zot:5    | Killed an orb of fire
 87657 | Zot:5    | Gained mutation: You are frail (-10% HP). [an orb of fire]
 87658 | Zot:5    | Gained mutation: You are very frail (-20% HP). [an orb of fire]
 87671 | Zot:5    | Killed an orb of fire
 87894 | Zot:5    | Reached skill level 23 in Dodging
 88600 | Lair:1   | Lost mutation: You have sharp toenails. [potion of cure mutation]
 88600 | Lair:1   | Lost mutation: Scrolls take you a little longer to read. [potion of cure mutation]
 88600 | Lair:1   | Lost mutation: Your magical capacity is low (-10% MP). [potion of cure mutation]
 88600 | Lair:1   | Lost mutation: Your spells are easier to cast, but less powerful. [potion of cure mutation]
 88600 | Lair:1   | Lost mutation: Your body sometimes deteriorates upon taking damage. [potion of cure mutation]
 88600 | Lair:1   | Lost mutation: Your spells are a little easier to cast, but a little less powerful. [potion of cure mutation]
 88605 | Lair:1   | Lost mutation: You are dopey. (Int -2) [potion of cure mutation]
 88605 | Lair:1   | Lost mutation: Potions and wands are less effective at restoring your health. [potion of cure mutation]
 88605 | Lair:1   | Lost mutation: You are very frail (-20% HP). [potion of cure mutation]
 88605 | Lair:1   | Lost mutation: You occasionally shout uncontrollably at your foes. [potion of cure mutation]
 88605 | Lair:1   | Lost mutation: You are frail (-10% HP). [potion of cure mutation]
 88609 | Lair:1   | Gained mutation: Your skin changes colour to match your surroundings (Stealth). [potion of mutation]
 88609 | Lair:1   | Gained mutation: You are agile. (Dex +2) [potion of mutation]
 88609 | Lair:1   | Gained mutation: You are weak. (Str -2) [potion of mutation]
 88812 | Snake:2  | Bought the ring "Nil Pait" {rCorr rN+} for 405 gold pieces
 89117 | Slime:1  | Entered Level 1 of the Pits of Slime
 92278 | Slime:5  | Gained mutation: Scrolls take you a little longer to read. [a shining eye]
 92290 | Slime:5  | Gained mutation: Armour fits poorly on your strangely shaped body. [a shining eye]
 93094 | Slime:6  | Entered Level 6 of the Pits of Slime
 93388 | Slime:6  | Noticed the Royal Jelly
 93393 | Slime:6  | Found a viscous altar of Jiyva.
 93395 | Slime:6  | Killed the Royal Jelly
 93551 | Slime:6  | Identified the Volume of Clay and the Glacier
 93554 | Slime:6  | Identified the Papyrus of Black Arts and Summoning
 93642 | Slime:6  | Got a crude spear
 93657 | Slime:6  | Got a slimy rune of Zot
 93674 | Slime:6  | Identified the cursed +1 spear "Wunkum" {vamp, +Rage +Fly} (You found it on level 6 of the Pits of Slime)
 94118 | Lair:1   | Lost mutation: Armour fits poorly on your strangely shaped body. [potion of cure mutation]
 94118 | Lair:1   | Lost mutation: You are weak. (Str -2) [potion of cure mutation]
 94118 | Lair:1   | Lost mutation: You are agile. (Dex +2) [potion of cure mutation]
 94118 | Lair:1   | Lost mutation: Scrolls take you a little longer to read. [potion of cure mutation]
 94133 | Lair:1   | Learned a level 4 spell: Summon Lightning Spire
 94619 | Zot:5    | Reached skill level 1 in Summonings
 94665 | Zot:5    | Got the Orb of Zot
 94707 | Zot:5    | Cast into level 5 of the Abyss (the power of Zot)
 94707 | Abyss:5  | Entered Level 5 of the Abyss
 94707 | Abyss:5  | Found a corrupted altar of Lugonu.
 94712 | Abyss:5  | Found a corrupted altar of Lugonu.
 94718 | Zot:5    | Escaped the Abyss
 94858 | Zot:1    | Reached skill level 24 in Dodging
 95592 | D:1      | Noticed Loapeiso the pandemonium lord
 95598 | D:1      | Killed Loapeiso the pandemonium lord
 95685 | D:$      | Escaped with the Orb!

Skill      XL: |  1  2  3  4  5  6  7  8  9 10 11 12 13 14 15 16 17 18 19 20 21 22 23 24 25 26 27 |
---------------+----------------------------------------------------------------------------------+-----
Fighting       | 3 4 5 6 8 9 10 11 12 | 12.9
Stealth        | 3 6 8 10 11 12 13 14 | 14.5
Short Blades   | 1 3 5 6 7 8 9 10 11 12 13 14 16 17 18 19 22 | 22.9
Dodging        | 3 4 6 7 8 9 10 11 12 13 14 15 16 18 19 20 21 24 | 24.1
Spellcasting   | 4 6 8 10 12 13 14 | 14.4
Invocations    | 6 9 11 | 11.1
Armour         | 1 3 5 6 |  6.5
Hexes          | 4 7 9 10 12 13 | 13.4
Poison Magic   | 5 7 9 10 11 12 | 12.4
Evocations     | 6 8 9 |  9.5
Throwing       | 5 7 |  7.1
Conjurations   | 4 7 9 10 | 10.0
Charms         | 6 9 11 12 | 12.4
Air Magic      | 3 7 9 11 | 11.4
Summonings     | 4 |  4.0
Axes           | |  2.6

Action                   |  1- 3 |  4- 6 |  7- 9 | 10-12 | 13-15 | 16-18 | 19-21 | 22-24 | 25-27 || total
-------------------------+-------+-------+-------+-------+-------+-------+-------+-------+-------++-------
Melee: War axe           |   115 |    83 |       |       |       |       |       |       |       ||   198
       Headbutt          |     4 |    31 |   108 |   325 |   423 |   505 |   741 |   618 |  1217 ||  3972
       Short sword       |       |    78 |   449 |  1202 |  1532 |  1963 |  1924 |       |       ||  7148
       Quick blade       |       |       |       |       |       |       |   521 |  1814 |  3067 ||  5402
Throw: Throwing net      |       |     1 |     7 |       |       |     6 |     2 |     2 |     1 ||    19
       Tomahawk          |       |       |       |     1 |       |    64 |       |       |       ||    65
       Javelin           |       |       |       |       |       |     4 |       |     1 |    43 ||    48
 Cast: Venom Bolt        |       |       |       |       |       |       |       |    20 |    10 ||    30
       Corona            |       |       |       |       |       |       |       |     2 |     1 ||     3
       Tukima's Dance    |       |       |       |       |       |       |       |     1 |     2 ||     3
       Mephitic Cloud    |       |       |       |       |       |       |       |     1 |       ||     1
       Regeneration      |       |       |       |       |       |       |       |       |    10 ||    10
       Deflect Missiles  |       |       |       |       |       |       |       |       |     3 ||     3
       Haste             |       |       |       |       |       |       |       |       |     1 ||     1
Invok: Shadow Step       |       |       |       |       |       |    11 |     1 |     2 |    19 ||    33
Evoke: Wand              |       |       |       |     9 |     1 |    10 |     7 |     2 |     8 ||    37
  Use: Potion            |     1 |     1 |       |     1 |     9 |     3 |     2 |     9 |    15 ||    41
       Scroll            |       |    10 |    10 |    16 |    12 |     9 |    19 |    14 |    35 ||   125
 Stab: Sleeping          |       |       |    10 |    42 |   123 |   129 |   120 |    96 |   144 ||   664
       Distracted        |       |       |     3 |    12 |    19 |    12 |    19 |    17 |    28 ||   110
       Held in net/web   |       |       |     4 |       |       |     5 |     1 |     1 |       ||    11
       Confused          |       |       |       |       |       |       |       |     1 |     1 ||     2
       Paralysed         |       |       |       |       |       |       |       |     1 |       ||     1
  Eat: Chunk             |     1 |     6 |    20 |    35 |    41 |    26 |    41 |    39 |    25 ||   234
       Fruit             |       |       |     1 |       |       |     3 |     2 |       |       ||     6
       Pizza             |       |       |     1 |     1 |     2 |     2 |     1 |       |       ||     7
       Beef jerky        |       |       |       |       |       |     3 |       |       |     4 ||     7
       Bread ration      |       |       |       |       |       |     1 |     1 |     1 |     5 ||     8
       Meat ration       |       |       |       |       |       |       |       |       |     3 ||     3
       Royal jelly       |       |       |       |       |       |       |       |       |     2 ||     2
Armor: Leather armour    |    40 |       |    37 |    48 |       |       |       |       |       ||   125
       Ring mail         |    10 |       |       |       |       |       |       |       |       ||    10
       Skin              |     8 |       |       |       |       |       |       |       |       ||     8
       Chain mail        |       |    77 |     2 |       |       |       |       |       |       ||    79
       Robe              |       |       |       |    19 |   105 |   133 |   129 |    80 |   173 ||   639
Dodge: Dodged            |   108 |    53 |   234 |   712 |   948 |  1370 |  1216 |   901 |  1384 ||  6926
       Deflected         |       |       |       |       |       |       |       |       |    18 ||    18
Block: Other             |       |       |       |       |       |       |       |    50 |   420 ||   470
       Reflection        |       |       |       |       |       |       |       |     4 |    11 ||    15
